 Dungeon Sprint DCSS version 0.30-a0-860-g512cf1e979 (webtiles) character file.

Game seed: 7409716128519501091

20578 BigDaddyOpFi the End of an Era (level 12, 0/124 HPs)
             Began as a Hill Orc Fighter on Mar 7, 2023.
             Was the Champion of Qazlal.
             Slain by an eight-headed hydra (10 damage)
             ... in the Dungeon (Sprint IX: "|||||||||||||||||||||||||||||").
             The game lasted 00:05:20 (3077 turns).

BigDaddyOpFi the End of an Era (Hill Orc Fighter)   Turns: 3077, Time: 00:05:21

Health: 0/124      AC: 31    Str: 24    XL:     12   Next: 81%
Magic:  13/27      EV: 12    Int:  8    God:    Qazlal [******]
Gold:   495        SH: 13    Dex: 10    Spells: 11/11 levels left

rFire   . . .      SeeInvis .    m - +8 war axe (freeze)
rCold   . . .      Faith    .    (no shield)
rNeg    . . .      Spirit   .    a - +4 plate armour
rPois   .          Reflect  +    x - +2 hat
rElec   .          Rampage  .    v - +0 cloak
rCorr   .          NoTele   +    o - +0 pair of gloves
Will    .....                    n - +0 pair of boots Stlth
                                 l - amulet of reflection
HPRegen 0.40/turn                p - +2 ring of evasion
MPRegen 0.20/turn                q - +2 ring of evasion

@: protected from physical damage, hasted, repel missiles, very quick
A: no striking features
a: Renounce Religion, Upheaval, Elemental Force, Disaster Area


You were in the Dungeon.
You worshipped Qazlal.
Qazlal was exalted by your worship.
You visited 1 branch You collected 945 gold pieces.
You spent 450 gold pieces at shops.

Inventory:

Hand Weapons
 m - a +8 war axe of freezing (weapon)
 A - the +6 arbalest "Damnation" {damnation}
   (You found it in the Dungeon)
Armour
 a - a +4 plate armour (worn)
 c - a +0 buckler
 n - a +0 pair of boots (worn)
 o - a +0 pair of gloves (worn)
 v - a +0 cloak (worn)
 x - a +2 hat (worn)
 B - a +1 helmet
 C - a +1 cloak
 D - a +0 pair of boots of rampaging
 E - a +3 chain mail of fire resistance
Jewellery
 l - an amulet of reflection (around neck)
 p - a +2 ring of evasion (left hand)
 q - a +2 ring of evasion (right hand)
 u - a ring of ice
 y - a ring of poison resistance
 z - a ring of protection from cold
Wands
 t - a wand of polymorph (7)
 w - a wand of flame (14)
Scrolls
 j - 3 scrolls of blinking
 k - 2 scrolls of amnesia
 r - a scroll of fog
 s - 2 scrolls of identify
 H - 3 scrolls of enchant weapon
Potions
 b - a potion of brilliance
 d - a potion of invisibility
 e - 7 potions of curing
 f - 10 potions of heal wounds
 h - 4 potions of magic
 i - 3 potions of berserk rage
 F - a potion of might
 G - a potion of mutation


   Skills:
 + Level 16.8 Fighting
 + Level 17.9 Axes
 + Level 15.4 Armour
 + Level 15.3 Shields
 * Level 22.9 Invocations


You had 11 spell levels left.
You didn't know any spells.
Your spell library was empty.

Dungeon Overview and Level Annotations

Branches:
Dungeon (1/1)

Altars:
Cheibriados
Dithmenos
Elyvilon
Fedhas
Gozag
Hepliaklqana
Kikubaaqudgha
Makhleb
Nemelex Xobeh
Okawaru
Qazlal
Ru
Sif Muna
Trog
Uskayaw
Vehumet
Wu Jian
Xom
Yredelemnul
Zin
The Shining One
Beogh
Jiyva
Lugonu

Shops:
D *=((


Message History

The eight-headed hydra bites you but does no damage.
You block the eight-headed hydra's attack.
The eight-headed hydra bites you but does no damage.
The eight-headed hydra bites you.
* * * LOW HITPOINT WARNING * * *
You feel more protected from physical attacks.
Aiming: Upheaval
Press: ? - help, Dir - move target The ground shakes violently, spewing rubble!
The eight-headed hydra completely misses you.
The eight-headed hydra bites you but does no damage.
You block the eight-headed hydra's attack.
The eight-headed hydra bites you.
* * * LOW HITPOINT WARNING * * *
You feel more protected from physical attacks.
The eight-headed hydra completely misses you.
The eight-headed hydra bites you.
* * * LOW HITPOINT WARNING * * *
The eight-headed hydra bites you but does no damage.
You block the eight-headed hydra's attack.
The eight-headed hydra attacks as you move away!
The eight-headed hydra misses you. The eight-headed hydra bites you.
* * * LOW HITPOINT WARNING * * *
You feel more protected from physical attacks.
You block the eight-headed hydra's attack.
The eight-headed hydra bites you but does no damage.
The eight-headed hydra closely misses you.
The eight-headed hydra bites you but does no damage.
The eight-headed hydra barely misses you.
The eight-headed hydra closely misses you.
You feel yourself speed up.
You block the eight-headed hydra's attack.
The eight-headed hydra bites you.
* * * LOW HITPOINT WARNING * * *
You feel more protected from physical attacks.
You block the eight-headed hydra's attack.
The eight-headed hydra bites you but does no damage.
You block the eight-headed hydra's attack.
The eight-headed hydra bites you!
You die...

.........................▓
▓▓▓▓▓▓▓▓▓▓▓▓▓▓▓▓▓▓▓▓▓▓▓▓.▓
.÷÷÷÷.....)(.....'.......▓
▓▓▓▓▓▓▓▓▓▓▓▓▓▓▓▓▓▓▓▓▓▓▓▓▓▓
)........................▓
▓▓▓▓▓▓▓▓▓▓▓▓▓▓▓▓▓▓▓▓▓▓▓▓.▓
......)))))).............▓
▓▓▓▓▓▓▓▓▓▓▓▓▓▓▓▓▓▓▓▓▓▓▓▓▓▓
................@D)≈≈[...▓
▓▓▓▓▓▓▓▓▓▓▓▓▓▓▓▓▓▓▓▓▓▓▓▓.▓
[.))).Z)){.="..'....Z.†..▓
▓▓▓▓▓▓▓▓▓▓▓▓▓▓▓▓▓▓▓▓▓▓▓▓▓▓


You could see an eight-headed hydra.

Vanquished Creatures
  Gastronok (D)
  7 ogre magi (D)
  A hydra (D)
  8 two-headed ogres (D)
  4 orc knights (D)
  2 manticores (D)
  A cyclops (D)
  An ugly thing (D)
  Maurice (D)
  A torpor snail (D)
  Joseph (D)
  3 cane toads (D)
  A gargoyle (D)
  5 komodo dragons (D)
  A blink frog (D)
  A dream sheep (D)
  A vampire (D)
  A wraith (D)
  A basilisk (D)
  4 yaks (D)
  An acid dragon (D)
  2 wargs (D)
  2 water moccasins (D)
  3 hell hounds (D)
  8 orc warriors (D)
  A black bear (D)
  An ogre (D)
  3 wolves (D)
  A bullfrog (D)
  A wight (D)
  3 howler monkeys (D)
  A hound (D)
  An orc priest (D)
  3 orc wizards (D)
  An adder (D)
  An ufetubus (D)
  An adder simulacrum (D)
  9 orcs (D)
  A goblin (D)
  A quokka (D)
  2 ball pythons (D)
  2 rats (D)
95 creatures vanquished.

Notes
Turn   | Place    | Note
-------+----------+-------------------------------------------
     0 | D        | BigDaddyOpFi the Hill Orc Fighter began the quest for the
                  | Orb.
     0 | D        | Reached XP level 1. HP: 19/19 MP: 1/1
    36 | D        | Noticed a hound
    36 | D        | Noticed a black bear
    38 | D        | Reached XP level 2. HP: 27/28 MP: 2/2
    50 | D        | Killed a black bear
    51 | D        | Reached skill level 5 in Armour
    51 | D        | Reached XP level 3. HP: 31/38 MP: 3/3
    51 | D        | Reached XP level 4. HP: 36/45 MP: 4/4
    60 | D        | Reached XP level 5. HP: 29/52 MP: 5/5
   243 | D        | Found a roughly hewn altar of Beogh.
   243 | D        | Found a snail-covered altar of Cheibriados.
   243 | D        | Found a shadowy altar of Dithmenos.
   243 | D        | Found a white marble altar of Elyvilon.
   243 | D        | Found a blossoming altar of Fedhas.
   243 | D        | Found an opulent altar of Gozag.
   244 | D        | Found a hazy altar of Hepliaklqana.
   245 | D        | Found a viscous altar of Jiyva.
   246 | D        | Found an ancient bone altar of Kikubaaqudgha.
   247 | D        | Found a corrupted altar of Lugonu.
   248 | D        | Found a burning altar of Makhleb.
   249 | D        | Found a sparkling altar of Nemelex Xobeh.
   250 | D        | Found an iron altar of Okawaru.
   251 | D        | Found a stormy altar of Qazlal.
   252 | D        | Found a sacrificial altar of Ru.
   253 | D        | Found a shimmering blue altar of Sif Muna.
   254 | D        | Found a bloodstained altar of Trog.
   255 | D        | Found a hide-covered altar of Uskayaw.
   256 | D        | Found a radiant altar of Vehumet.
   257 | D        | Found an ornate altar of the Wu Jian Council.
   258 | D        | Found a shimmering altar of Xom.
   259 | D        | Became a worshipper of Qazlal Stormbringer
   260 | D        | Found a basalt altar of Yredelemnul.
   261 | D        | Found a glowing silver altar of Zin.
   262 | D        | Found a glowing golden altar of the Shining One.
   325 | D        | Noticed a yak
   325 | D        | Noticed an acid dragon
   325 | D        | Noticed a gargoyle
   334 | D        | Reached skill level 3 in Invocations
   334 | D        | Reached * piety under Qazlal
   334 | D        | Killed a yak
   335 | D        | Reached skill level 7 in Invocations
   335 | D        | Reached XP level 6. HP: 21/62 MP: 5/11
   336 | D        | Killed a gargoyle
   336 | D        | Killed an acid dragon
   336 | D        | Reached ** piety under Qazlal
   337 | D        | Reached skill level 10 in Axes
   337 | D        | Reached skill level 10 in Invocations
   337 | D        | Reached XP level 7. HP: 24/70 MP: 5/14
   631 | D        | Noticed a cyclops
   631 | D        | Noticed a manticore
   631 | D        | Noticed a two-headed ogre
   631 | D        | Noticed a wraith
   631 | D        | Noticed a vampire
   638 | D        | Killed a cyclops
   639 | D        | Reached skill level 10 in Fighting
   639 | D        | Reached skill level 11 in Invocations
   639 | D        | Reached XP level 8. HP: 52/79 MP: 14/16
   639 | D        | Killed a vampire
   639 | D        | Killed a wraith
   639 | D        | Reached *** piety under Qazlal
   639 | D        | Killed a two-headed ogre
   640 | D        | Reached skill level 10 in Armour
   640 | D        | Reached skill level 10 in Shields
   640 | D        | Reached skill level 13 in Invocations
   640 | D        | Reached XP level 9. HP: 56/89 MP: 11/18
   643 | D        | Killed a manticore
  1108 | D        | Noticed a cane toad
  1109 | D        | Noticed a cane toad
  1115 | D        | Reached skill level 14 in Invocations
  1116 | D        | Noticed a komodo dragon
  1117 | D        | Killed a cane toad
  1119 | D        | Noticed a cane toad
  1120 | D        | Reached **** piety under Qazlal
  1135 | D        | Reached skill level 15 in Invocations
  1135 | D        | Reached XP level 10. HP: 79/97 MP: 21/21
  1144 | D        | Killed a cane toad
  1144 | D        | Reached ***** piety under Qazlal
  1153 | D        | Killed a cane toad
  1154 | D        | Reached skill level 16 in Invocations
  1386 | D        | Noticed a torpor snail
  1402 | D        | Reached skill level 17 in Invocations
  1405 | D        | Killed a torpor snail
  1557 | D        | Reached ****** piety under Qazlal
  1567 | D        | Reached XP level 11. HP: 75/108 MP: 23/23
  1577 | D        | Reached skill level 18 in Invocations
  1820 | D        | Noticed Joseph
  1835 | D        | Killed Joseph
  1876 | D        | Noticed an orc knight
  1892 | D        | Killed an orc knight
  1904 | D        | Reached skill level 15 in Axes
  2027 | D        | Noticed an orc knight
  2027 | D        | Noticed an orc knight
  2034 | D        | Noticed an orc knight
  2034 | D        | Killed an orc knight
  2048 | D        | Killed an orc knight
  2055 | D        | Killed an orc knight
  2056 | D        | Reached skill level 19 in Invocations
  2298 | D        | Found Worucw's Antique Weapon Boutique.
  2298 | D        | Noticed a two-headed ogre
  2298 | D        | Noticed a two-headed ogre
  2298 | D        | Noticed an ogre mage
  2298 | D        | Noticed a two-headed ogre
  2298 | D        | Noticed a two-headed ogre
  2298 | D        | Noticed a two-headed ogre
  2300 | D        | Killed a two-headed ogre
  2300 | D        | Killed a two-headed ogre
  2300 | D        | Killed a two-headed ogre
  2300 | D        | Killed an ogre mage
  2301 | D        | Reached skill level 15 in Fighting
  2301 | D        | Reached skill level 20 in Invocations
  2302 | D        | Killed a two-headed ogre
  2307 | D        | Killed a two-headed ogre
  2308 | D        | Reached XP level 12. HP: 87/121 MP: 17/26
  2308 | D        | Noticed an ogre mage
  2310 | D        | Found Tiebb's Antique Weapon Shop.
  2314 | D        | Killed an ogre mage
  2315 | D        | Reached skill level 21 in Invocations
  2315 | D        | Found Geetz's Jewellery Boutique.
  2318 | D        | Noticed a two-headed ogre
  2319 | D        | Found Voodgh's Assorted Antiques.
  2319 | D        | Noticed a two-headed ogre
  2321 | D        | Noticed an ogre mage
  2321 | D        | Noticed an ogre mage
  2322 | D        | Killed an ogre mage
  2322 | D        | Killed an ogre mage
  2324 | D        | Noticed an ogre mage
  2325 | D        | Killed a two-headed ogre
  2326 | D        | Killed a two-headed ogre
  2330 | D        | Killed an ogre mage
  2547 | D        | Bought 2 potions of heal wounds for 300 gold pieces
  2547 | D        | Bought a garnet ring for 150 gold pieces
  2565 | D        | Noticed Maurice
  2572 | D        | Killed Maurice
  2573 | D        | Reached skill level 22 in Invocations
  2600 | D        | Noticed Gastronok
  2615 | D        | Killed Gastronok
  2616 | D        | Reached skill level 15 in Armour
  2828 | D        | Found the +6 arbalest "Damnation" {damnation}
  3000 | D        | Noticed an eight-headed hydra
  3000 | D        | Noticed a seven-headed hydra
  3000 | D        | Noticed an ogre mage
  3002 | D        | Killed an ogre mage
  3003 | D        | Reached skill level 15 in Shields
  3018 | D        | Killed a seven-headed hydra
  3072 | D        | Killed an ogre mage
  3077 | D        | Slain by an eight-headed hydra

Illustrated notes

Levels and vault maps discovered:
D:        linesprint [early_d, line_temple, items_1, d_10, items_2, lair_1,
          lair_end, items_3, orc_1, orc_end, items_4, d_15, swamp_1, shoals_1,
          snake_1, spider_1, d_20, vaults_1, items_5, swamp_end, shoals_end,
          snake_end, spider_end, vaults_end, d_27, items_6, zot_1, zot_end,
          crypt_end, forest_end, elf_end, slime_end, tomb_end, abyss_end,
          pan_hell_end]

Skill      XL: |  1  2  3  4  5  6  7  8  9 10 11 12 |
---------------+-------------------------------------+-----
Axes           | 3 6 7 8 10 11 12 14 16 17 | 17.9
Fighting       | 4 6 7 8 9 10 11 12 13 15 16 | 16.8
Armour         | 4 5 6 7 8 9 10 11 12 14 15 | 15.4
Shields        | 4 6 7 8 9 10 11 12 14 15 | 15.3
Invocations    | 7 10 11 13 15 17 20 22 | 22.9

Action                     |  1- 3 |  4- 6 |  7- 9 | 10-12 || total
---------------------------+-------+-------+-------+-------++-------
  Melee: War axe           |    25 |    15 |    28 |   188 ||   256
   Fire: Arbalest          |       |       |       |    12 ||    12
 Invoke: Upheaval          |       |       |     1 |     5 ||     6
         Disaster Area     |       |       |       |     4 ||     4
  Evoke: Wand              |       |     5 |     5 |       ||    10
    Use: Potion            |     2 |       |       |     2 ||     4
         Scroll            |       |       |     4 |     5 ||     9
 Armour: Scale mail        |    10 |     3 |       |       ||    13
         Plate armour      |       |       |    10 |    46 ||    56
  Dodge: Dodged            |    18 |     6 |     9 |    41 ||    74
         Repelled          |       |       |       |     1 ||     1
  Block: Buckler           |     7 |     3 |    21 |    82 ||   113
         Reflection        |       |       |       |     4 ||     4
         Other             |       |       |       |    26 ||    26

Table legend: (Time is in decaauts)
 A = Elapsed time spent in this place.
 B = Non-inter-level travel time spent in this place.
 C = Inter-level travel time spent in this place.
 D = Time resting spent in this place.
 E = Time spent auto-exploring this place.
 F = Levels seen in this place.
 G = Mean time per level.
                   A        B        C        D        E       F      G
               +--------+--------+--------+--------+--------+-----+--------+
         Total |   3047 |   3047 |      0 |   2095 |      0 |   1 | 3047.0 |
       Dungeon |   3047 |   3047 |      0 |   2095 |      0 |   1 | 3047.0 |
               +--------+--------+--------+--------+--------+-----+--------+

Top non-repeatable levels by time:
       D: 3047 daAuts
